 Dungeon Crawl Stone Soup version 0.14-a0-1876-g927fc3a (webtiles) character file.

111162 Mitsuki the Executioner (level 16, 0/155 HPs)
             Began as a Lava Orc Berserker on Jan 14, 2014.
             Was the Champion of Trog.
             Killed by divine providence
             ... invoked by an orc priest
              (10 damage)
             ... on Level 4 of the Orcish Mines.
             The game lasted 03:03:53 (26919 turns).

Mitsuki the Executioner (Lava Orc Berserker)       Turns: 26919, Time: 03:03:54

HP   0/155       AC 30     Str 28      XL: 16   Next:  3%
MP  23/23        EV  9     Int  7      God: Trog [******]
Gold 2454        SH  0     Dex 15      Spells:  0 memorised, 15 levels left

rFire  + + +     SeeInvis +     G - +5 battleaxe (vamp)
rCold  x . .     Clarity  .     J - +4 dwarf chain mail {rN+}
rNeg   + . .     Conserve .     (no shield)
rPois  .         rCorr    +     a - +0 helmet {SInv}
rElec  .         rRot     .     X - +1 cloak {MR+}
SustAb + .       Spirit   .     H - +2 pair of gloves {Str+3}
rMut   .         Warding  .     y - +0 pair of boots
Saprov + . .     Stasis   .     Q - amulet "Wulityuh" {rCorr Dex+3}
MR     ++...                    v - ring of sustain abilities
                                P - ring of protection from magic

@: invisible, very slightly contaminated, very resistant to hostile
enchantments, extremely unstealthy
A: icy blue scales 1, slimy green scales 1, thin skeletal structure 1, carnivore
1, conserve scrolls, fire resistance 1, saprovore 1, weak 1
a: Burn Spellbooks, Berserk, Trog's Hand, Brothers in Arms, Renounce Religion


You were on level 4 of the Orcish Mines.
You worshipped Trog.
Trog was exalted by your worship.
You were full.

You visited 4 branches of the dungeon, and saw 30 of its levels.
You visited the Abyss 1 time.
You also visited: Sewer and Volcano.

You collected 2536 gold pieces.
You spent 82 gold pieces at shops.

Inventory:

Hand weapons
 G - a +5,+5 vampiric battleaxe (weapon)
 W - a +6,+2 dwarven battleaxe of freezing
Armour
 a - a +0 helmet of see invisible (worn)
 y - a +0 pair of boots (worn)
 H - a +2 pair of gloves of strength (worn)
 J - a +4 dwarven chain mail of positive energy (worn)
 X - a +1 cloak of magic resistance (worn)
Magical devices
 q - a wand of hasting (9)
 V - a wand of digging (7)
Comestibles
 b - 3 chunks of orc flesh
 i - 6 bananas
 m - 7 cheeses
 u - 11 bread rations
 z - 2 strawberries
 A - 3 meat rations
 C - 4 pears
 I - a choko
Scrolls
 f - 3 scrolls of blinking
 l - 9 scrolls of identify
 s - 4 scrolls of enchant weapon I
 x - 4 scrolls of fog
 F - 2 scrolls of magic mapping
 Y - 11 scrolls of remove curse
 Z - 13 scrolls of teleportation
Jewellery
 c - an uncursed amulet of conservation
 d - an uncursed ring of teleport control
 h - an uncursed amulet of stasis
 v - a ring of sustain abilities (right hand)
 B - an uncursed ring of invisibility
 P - a ring of protection from magic (left hand)
 Q - the amulet "Wulityuh" (around neck) {rCorr Dex+3}
   (You found it on level 1 of the Abyss)

   [amulet of resist corrosion]

   It affects your dexterity (+3).
Potions
 e - a potion of might
 j - a potion of restore abilities
 k - 5 potions of curing
 n - a potion of lignification
 p - 2 potions of agility
 r - a potion of flight
 t - 2 potions of heal wounds
 D - a potion of cure mutation
 L - 4 potions of brilliance
 N - 2 potions of speed
 R - 3 potions of magic


   Skills:
 - Level 17.3 Fighting
 - Level 22.4 Axes
 - Level 14.2 Armour
 - Level 1.5 Dodging
 + Level 4.6 Evocations


You had 15 spell levels left.
You didn't know any spells.

Dungeon Overview and Level Annotations

Branches:
Dungeon (16/16)            Temple (0/1) D:4             Orc (4/4) D:10
    Elf (0/3) Orc:4          Lair (8/8) D:8          Shoals (0/5) Lair:3
 Spider (2/5) Lair:5        Slime (0/6) Lair:6       Depths (0/6) D:16
 Vaults: D:14-15

Altars:
Ashenzari
Elyvilon
Fedhas
Nemelex Xobeh
Okawaru
Sif Muna
Trog
Vehumet
Yredelemnul
Beogh
Jiyva

Shops:
D:11 /   D:13 :   Orc:2 !   Orc:4 }}

Portals:
Trove: D:11 (give +3 ice dragon armour)

Annotations:
D:14 exclusion: Roxanne, Roxanne
D:15 exclusion: 3 doors
D:16 exclusion: oklob plant
Orc:4 Saint Roka
Lair:6 exclusion: oklob plant


Innate Abilities, Weirdness & Mutations

You have stony skin.
Your flesh is almost immune to the effects of heat.
Your fire spells are more powerful.
Your flesh is vulnerable to cold.
Your heat harms attackers.
You bathe your surroundings in blazing heat.
You are too hot to use scrolls.
You are very good at protecting items from fire.
You can tolerate rotten meat.
You are partially covered in icy blue scales (AC +1).
You are partially covered in slimy green scales (AC +2).
You have a somewhat thin skeletal structure (Dex +2, Stlth).
Your digestive system is specialised to digest meat.
Your flesh is heat resistant.
You are weak. (Str -2)


Message History

* * * LOW HITPOINT WARNING * * *
The orc warrior closely misses you.
The orc priest is burned by your radiant heat.
The orc priest is lightly wounded.
The orc priest barely misses you.
The orc throws a tomahawk of returning.
The tomahawk of returning hits Saint Roka.
Drink which item? (? for menu, Esc to quit)
You feel much better.
Saint Roka hits you with an orcish long sword!
* * * LOW HITPOINT WARNING * * *
Saint Roka is singed by your heat.
Saint Roka is lightly wounded.
The orc throws a tomahawk of returning.
The tomahawk of returning hits Saint Roka.
The weapon returns to the orc!
The orc priest is burned by your radiant heat.
The orc priest is heavily wounded.
The orc priest mumbles some strange prayers to Beogh against you.
Something smites you!
You die...

#.##...##.#.###......#### .#
#..#####..####.#......# #
#.........###....)....##
############.....))....########
##.....o....#.........
#.........)..#........
##.#.....o...........
#.....ooo#####...#.##
##....#@## #...... ##.###.#
..#.. #. #.# .#.. #.# ... ..#
... ... .... ...


You could see Saint Roka, an orc warrior (frenzied), an orc priest (frenzied)
and 2 orcs.

Vanquished Creatures
  Arachne (Spider:2)
  Agnes (Spider:1)
  Kirke (D:14)
  Maud (Spider:1)
  A deep elf sorcerer (Abyss:1)
  4 dire elephants (Lair:8)
  An ettin (D:16)
  The ghost of Jenx the Jinx, a powerful SpEn of Ashenzari (Lair:6)
  The ghost of Herrn the Fighter, a powerful DjFi of Makhleb (D:12)
  Harold (D:16)
  Josephine (D:14)
  6 hydras
  Nessos (D:12)
  An anaconda (Lair:8)
  An ogre mage (D:15)
  5 death yaks
  A tengu warrior (D:16)
  A rakshasa (D:16)
  The ghost of Kae the Martial Artist, an experienced DrTm of Sif Muna (D:8)
  Urug (Volcano)
  Nergalle (D:13)
  10 centaur warriors
  Erolcha (D:10)
  A deep elf knight (D:16)
  An unseen horror (D:12)
  An ice devil (Abyss:1)
  3 orc knights
  4 griffons
  2 orc sorcerers (Orc:4)
  A wizard (D:16)
  3 hill giants
  2 wolf spiders
  2 black mambas
  13 elephants
  Maurice (D:10)
  11 spiny frogs
  4 cyclopes
  A yaktaur (D:16)
  The ghost of Herrn the Skirmisher, an experienced DjFi (D:5)
  3 demonic crawlers (Spider:1)
  10 orb spiders
  A silent spectre (Abyss:1)
  2 fire drakes
  A giant firefly (shapeshifter) (D:13)
  A hellwing (Abyss:1)
  A troll (shapeshifter) (D:16)
  Sonja (D:16)
  5 komodo dragons
  2 polar bears
  A harpy skeleton (D:16)
  14 blink frogs (Lair:7)
  6 jumping spiders
  28 slime creatures
  A hydra skeleton (D:15)
  A brown ooze (Lair:6)
  6 trolls
  2 spectral orcs (D:13)
  6 two-headed ogres
  3 trapdoor spiders
  2 grizzly bears (D:9)
  3 basilisks
  A formicid (Spider:1)
  11 redbacks (Spider:1)
  9 ugly things
  3 tarantellas (Spider:1)
  A basilisk (shapeshifter) (D:11)
  6 hogs
  2 wraiths
  A vampire (D:15)
  50 yaks
  Eustachio (D:6)
  3 elephant slugs
  A shark (Spider:1)
  4 wyverns
  Grum (D:9)
  11 hippogriffs
  4 vampire mosquitoes
  3 deep elf fighters (D:11)
  5 hungry ghosts
  3 hill giant skeletons
  A soldier ant (D:12)
  Edmund (D:9)
  A swamp drake (D:8)
  11 wolves
  A manticore (D:16)
  2 necrophages (D:9)
  A mottled dragon (D:15)
  2 phantoms
  9 porcupines
  2 giant goldfish (Spider:1)
  4 black bears
  A yellow wasp (D:12)
  37 orc warriors
  4 ice beasts
  4 sky beasts
  10 ogres
  A boring beetle (shapeshifter) (D:13)
  14 centaurs
  A komodo dragon zombie (D:14)
  12 crocodiles
  7 giant slugs
  A rotting devil (D:16)
  8 water moccasins
  5 wargs (Orc:4)
  A brain worm (D:16)
  2 big kobolds
  20 giant frogs
  A komodo dragon skeleton (D:12)
  14 agate snails
  An eye of draining (D:10)
  A cyclops skeleton (D:16)
  13 killer bees
  A troll zombie (D:12)
  A jellyfish (Spider:1)
  A yak zombie (D:10)
  4 wights (D:9)
  3 electric eels (Spider:1)
  6 crimson imps
  8 jellies
  9 goliath beetles
  13 hounds
  A quasit (D:11)
  6 big fish
  15 orc priests
  A spider (Spider:1)
  5 iguanas
  20 orc wizards
  A warg zombie (Orc:4)
  10 worker ants
  4 scorpions
  21 sheep
  A yak simulacrum (D:14)
  An orange rat (D:9)
  A big kobold skeleton (D:8)
  A mottled dragon skeleton (D:15)
  A hound zombie (D:7)
  2 ogre skeletons
  A two-headed ogre simulacrum (D:14)
  3 gnolls (D:5)
  A lemure (D:6)
  21 adders
  5 giant centipedes
  38 green rats
  2 giant mites
  3 worms
  An ufetubus (D:6)
  A giant centipede zombie (D:12)
  An iguana skeleton (D:4)
  An adder zombie (D:7)
  A scorpion zombie (D:7)
  3 giant eyeballs
  13 giant geckos
  An ooze (D:6)
  147 orcs
  A bat skeleton (D:4)
  7 giant cockroaches
  7 grey rats
  17 hobgoblins
  22 kobolds
  12 quokkas
  2 ball pythons (D:1)
  20 bats
  5 giant newts
  2 giant spores
  10 goblins
  A goblin skeleton (D:4)
  2 illusory rakshasas (D:16)
  35 jackals
  27 rats
  A rat skeleton (D:6)
  16 ballistomycetes
  23 fungi
  15 plants
1113 creatures vanquished.

Vanquished Creatures (collateral kills)
  2 hydras
  An orc sorcerer (D:16)
3 creatures vanquished.

Vanquished Creatures (others)
  A deep elf fighter (D:11)
  A centaur (D:10)
  An electric eel (Spider:1)
  2 iguanas
  An orc wizard (D:13)
  2 giant geckos
  2 orcs
  5 giant spores
  A plant (Lair:7)
16 creatures vanquished.

Grand Total: 1132 creatures vanquished

Notes
Turn   | Place    | Note
--------------------------------------------------------------
     0 | D:1      | Mitsuki, the Lava Orc Berserker, began the quest for the Orb.
     0 | D:1      | Reached XP level 1. HP: 19/19 MP: 1/1
   149 | D:1      | Reached XP level 2. HP: 24/27 MP: 2/2
   181 | D:1      | Reached skill level 4 in Axes
   361 | D:1      | Acquired Trog's second power
   422 | D:1      | Reached XP level 3. HP: 20/33 MP: 3/3
  1381 | D:2      | Found a basalt altar of Yredelemnul.
  1605 | D:3      | Reached XP level 4. HP: 33/41 MP: 4/4
  1743 | D:3      | Reached skill level 5 in Fighting
  1743 | D:3      | Reached skill level 5 in Axes
  1969 | D:3      | Found a basalt altar of Yredelemnul.
  1970 | D:3      | Found a bloodstained altar of Trog.
  2036 | D:3      | Reached XP level 5. HP: 35/48 MP: 5/5
  2066 | D:3      | Found a radiant altar of Vehumet.
  2400 | D:3      | Found a glowing drain.
  2426 | Sewer    | Entered a sewer
  2576 | Sewer    | Acquired Trog's third power
  2618 | Sewer    | Found a glowing silver altar of Zin.
  2752 | D:3      | Reached skill level 6 in Axes
  2752 | D:3      | Reached XP level 6. HP: 56/56 MP: 6/6
  2807 | D:4      | Found a staircase to the Ecumenical Temple.
  2827 | D:4      | Found a white marble altar of Elyvilon.
  3328 | D:5      | Entered Level 5 of the Dungeon
  3442 | D:5      | Noticed Herrn's ghost (experienced DjFi)
  3481 | D:5      | Killed Herrn's ghost
  3481 | D:5      | Reached skill level 5 in Armour
  3481 | D:5      | Reached XP level 7. HP: 39/62 MP: 7/7
  3640 | D:5      | Reached skill level 7 in Axes
  3827 | D:5      | Paralysed by a giant eyeball for 4 turns
  4126 | D:5      | Reached XP level 8. HP: 47/71 MP: 8/8
  4448 | D:6      | Reached skill level 8 in Axes
  5047 | D:6      | Identified a scroll of acquirement
  5054 | D:6      | Gained mutation: You can spit poison. [potion of mutation]
  5054 | D:6      | Gained mutation: You are weak. (Str -2) [potion of mutation]
  5054 | D:6      | Gained mutation: Your digestive system is specialised to digest meat. [potion of mutation]
  5055 | D:6      | Gained mutation: Your system is resistant to poisons. [potion of beneficial mutation]
  5061 | D:6      | Paralysed by a potion of paralysis for 7 turns
  5157 | D:6      | Reached skill level 9 in Axes
  5356 | D:6      | Noticed Eustachio
  5375 | D:6      | Killed Eustachio
  5375 | D:6      | Reached XP level 9. HP: 77/79 MP: 9/9
  5658 | D:7      | Found a shattered altar of Ashenzari.
  5697 | D:7      | Found a sparkling altar of Nemelex Xobeh.
  5827 | D:7      | Reached skill level 1 in Evocations
  6074 | D:8      | Received a gift from Trog
  6196 | D:8      | Noticed Kae's ghost (experienced DrTm)
  6211 | D:8      | Killed Kae's ghost
  6211 | D:8      | Reached skill level 10 in Axes
  6473 | D:8      | Reached skill level 11 in Axes
  6744 | D:8      | Reached XP level 10. HP: 82/91 MP: 12/12
  6815 | D:8      | Found a staircase to the Lair.
  7012 | D:9      | Noticed a griffon
  7013 | D:9      | Noticed a griffon
  7023 | D:9      | Reached skill level 10 in Armour
  7028 | D:9      | Received a gift from Trog
  7028 | D:9      | Reached skill level 12 in Axes
  7122 | D:9      | Reached skill level 10 in Fighting
  7125 | D:9      | Killed a griffon
  7126 | D:9      | Reached skill level 13 in Axes
  7132 | D:9      | Killed a griffon
  7134 | D:9      | Reached XP level 11. HP: 101/101 MP: 13/13
  7167 | D:9      | Noticed Grum
  7184 | D:9      | Killed Grum
  7268 | D:9      | Gained mutation: Your flesh is heat resistant. [mutagenic meat]
  7269 | D:9      | Lost mutation: You can spit poison. [mutagenic meat]
  7849 | D:9      | Noticed Edmund
  7858 | D:9      | Killed Edmund
  7932 | D:10     | Entered Level 10 of the Dungeon
  7936 | D:10     | Noticed Erolcha
  7977 | D:10     | Killed Erolcha
  7977 | D:10     | Reached skill level 14 in Axes
  8019 | D:10     | Found a staircase to the Orcish Mines.
  8095 | D:10     | Noticed Maurice
  8112 | D:10     | Killed Maurice
  8520 | D:11     | Received a gift from Trog
  8608 | D:11     | Found a portal to a secret trove of treasure.
  8776 | D:11     | Found Ema Chu's Magical Wand Shop.
  8953 | D:11     | Reached skill level 15 in Axes
  8966 | D:11     | Noticed a centaur warrior
  8968 | D:11     | Noticed a centaur warrior
  8978 | D:11     | Killed a centaur warrior
  8984 | D:11     | Killed a centaur warrior
  8994 | D:11     | Noticed a centaur warrior
  9000 | D:11     | Killed a centaur warrior
  9092 | D:11     | Noticed a centaur warrior
  9094 | D:11     | Found an iron altar of Okawaru.
  9109 | D:11     | Reached XP level 12. HP: 75/112 MP: 14/14
  9117 | D:11     | Killed a centaur warrior
  9502 | D:11     | Got a slimy crossbow
  9504 | D:11     | Identified the +10,+9 crossbow of Wufeatus {penet, Hunger+ +Fly SInv} (You found it on level 11 of the Dungeon)
  9571 | D:11     | Got a crude long sword
  9576 | D:11     | Identified the +7,+4 long sword of Inflation {slice, rC+} (You found it on level 11 of the Dungeon)
  9940 | D:12     | Noticed Herrn's ghost (powerful DjFi)
  9957 | D:12     | Killed Herrn's ghost
  9957 | D:12     | Reached skill level 16 in Axes
 10519 | D:12     | Received a gift from Trog
 10545 | D:12     | Noticed Nessos
 10576 | D:12     | Killed Nessos
 10986 | D:12     | Noticed an eight-headed hydra
 10995 | D:12     | Killed a nine-headed hydra
 11210 | D:13     | Noticed Nergalle
 11232 | D:13     | Killed Nergalle
 11336 | D:13     | Reached skill level 17 in Axes
 11524 | D:13     | Found Gad Irai's Book Emporium.
 11733 | D:13     | Gained mutation: You are partially covered in slimy green scales (AC +2). [mutagenic meat]
 11734 | D:13     | Lost mutation: Your system is resistant to poisons. [mutagenic meat]
 11735 | D:13     | Gained mutation: You are partially covered in icy blue scales (AC +1). [mutagenic meat]
 11736 | D:13     | Gained mutation: You have a somewhat thin skeletal structure (Dex +2, Stlth). [mutagenic meat]
 11893 | D:14     | Noticed Josephine
 11907 | D:14     | Killed Josephine
 11907 | D:14     | Reached XP level 13. HP: 116/122 MP: 15/15
 12135 | D:14     | Noticed Roxanne
 12188 | D:14     | Noticed Kirke
 12451 | D:14     | Killed Kirke
 12641 | D:14     | Reached skill level 18 in Axes
 12808 | D:15     | Entered Level 15 of the Dungeon
 13001 | D:15     | Got a warped scale mail
 13018 | D:15     | Identified the +2 scale mail of the Invisible Hand {+Rage +Fly rN+} (You found it on level 15 of the Dungeon)
 13912 | D:16     | Entered Level 16 of the Dungeon
 14122 | D:16     | Noticed Harold
 14161 | D:16     | Killed Harold
 14674 | D:16     | Reached skill level 19 in Axes
 14906 | D:16     | Noticed Sonja
 14931 | D:16     | Killed Sonja
 14931 | D:16     | Reached XP level 14. HP: 54/133 MP: 16/16
 14931 | D:16     | Cast into the Abyss (wizard)
 14933 | Abyss:1  | Got a fine graven amulet
 14973 | Abyss:1  | Noticed a deep elf sorcerer
 15004 | Abyss:1  | Killed a deep elf sorcerer
 15165 | D:16     | Escaped the Abyss
 15218 | D:16     | Found a staircase to the Depths.
 15845 | Lair:1   | Entered Level 1 of the Lair of Beasts
 16142 | Lair:1   | Reached skill level 15 in Fighting
 17784 | Lair:1   | Identified the amulet "Wulityuh" {rCorr Dex+3} (You found it on level 1 of the Abyss)
 17895 | Lair:3   | Received a gift from Trog
 18211 | Lair:3   | Found a staircase to the Shoals.
 18241 | Lair:3   | Reached skill level 20 in Axes
 18596 | Lair:3   | Identified the Compendium of Attacks (You found it on level 3 of the Lair of Beasts)
 19298 | Lair:5   | Received a gift from Trog
 19833 | Lair:5   | Found a hole to the Spider Nest.
 19900 | Lair:5   | You fall through a shaft for 3 floors!
 19900 | Lair:8   | Entered Level 8 of the Lair of Beasts
 19953 | Lair:7   | Found a deep blue altar of Sif Muna.
 20194 | Lair:6   | Noticed Jenx's ghost (powerful SpEn)
 20204 | Lair:6   | Killed Jenx's ghost
 20229 | Lair:6   | Received a gift from Trog
 20524 | Lair:6   | Found a viscous altar of Jiyva.
 20526 | Lair:6   | Found a staircase to the Slime Pits.
 20712 | Lair:6   | Found a blossoming altar of Fedhas.
 21112 | Lair:7   | Reached XP level 15. HP: 127/144 MP: 18/18
 21302 | Lair:7   | Reached skill level 21 in Axes
 21472 | Lair:7   | Received a gift from Trog
 22156 | Lair:8   | Found a dark tunnel.
 22191 | Volcano  | Entered a volcano
 22322 | Volcano  | Noticed Urug
 22327 | Volcano  | Killed Urug
 22715 | Lair:8   | Received a gift from Trog
 23185 | Lair:8   | Got a smoking cutlass
 23190 | Lair:8   | Identified the +8,+7 cutlass of Wyukkuosk {slice, SInv} (You found it on level 8 of the Lair of Beasts)
 23639 | Spider:1 | Entered Level 1 of the Spider Nest
 23680 | Spider:1 | Noticed Agnes
 23690 | Spider:1 | Killed Agnes
 23692 | Spider:1 | Noticed Maud
 23725 | Spider:1 | Killed Maud
 23725 | Spider:1 | Reached skill level 22 in Axes
 24850 | Spider:2 | Noticed Arachne
 24879 | Spider:2 | Killed Arachne
 25485 | Orc:1    | Entered Level 1 of the Orcish Mines
 25495 | Orc:1    | Received a gift from Trog
 25582 | Orc:2    | Found Cluse's Distillery.
 25622 | Orc:2    | Bought a potion of invisibility for 82 gold pieces
 25944 | Orc:1    | Found a roughly hewn altar of Beogh.
 25950 | Orc:1    | Received a gift from Trog
 26310 | Orc:1    | Received a gift from Trog
 26441 | Orc:4    | Entered Level 4 of the Orcish Mines
 26482 | Orc:4    | Found a roughly hewn altar of Beogh.
 26482 | Orc:4    | Found Rohumm's Gadget Boutique.
 26595 | Orc:4    | Found a roughly hewn altar of Beogh.
 26620 | Orc:4    | Found a staircase to the Elven Halls.
 26639 | Orc:4    | Found Mozadiach's Gadget Shop.
 26686 | Orc:4    | Reached XP level 16. HP: 155/155 MP: 21/22
 26821 | Orc:4    | Found a roughly hewn altar of Beogh.
 26823 | Orc:4    | Received a gift from Trog
 26834 | Orc:4    | Got a twisted quarterstaff {god gift}
 26836 | Orc:4    | Identified the +4,+11 quarterstaff of Defence by Offence {freeze, Dex+2} (Trog gifted it to you on level 4 of the Orcish Mines)
 26881 | Orc:4    | Noticed Saint Roka
 26915 | Orc:4    | HP: 1/155 [Saint Roka/divine providence (13)]
 26919 | Orc:4    | Killed from afar by an orc priest

Action                   |  1- 3 |  4- 6 |  7- 9 | 10-12 | 13-15 | 16-18 || total
-------------------------+-------+-------+-------+-------+-------+-------++-------
Melee: Hand axe          |   157 |   282 |   396 |       |       |       ||   835
       Battleaxe         |       |       |    69 |   518 |  1520 |    56 ||  2163
       War axe           |       |       |    40 |       |       |       ||    40
Invok: Berserk           |     1 |     3 |     5 |     3 |     9 |       ||    21
       Trog's Hand       |       |     3 |     8 |    14 |    20 |     1 ||    46
       Burn Spellbooks   |       |       |     2 |       |       |       ||     2
       Brothers in Arms  |       |       |       |     1 |     2 |       ||     3
 Abil: Spit Poison       |       |       |     1 |       |       |       ||     1
       Evoke Teleport Co |       |       |       |       |     2 |       ||     2
Evoke: Wand              |       |       |    12 |     5 |     9 |       ||    26
  Use: Scroll            |     2 |       |    14 |     6 |    23 |     1 ||    46
       Potion            |     1 |       |     9 |    10 |     7 |     4 ||    31
